 Dungeon Crawl Stone Soup version 0.24-a0-537-g2d01d4ab0a (webtiles) character file.

Game seed: 7305370898389779279

368 Ijustatesigmund the Skirmisher (level 6, -1/68 HPs)
             Began as an Ogre Fighter on Aug 14, 2019.
             Slain by an ogre
             ... wielding a +0 giant spiked club
              (22 damage)
             ... on level 4 of the Dungeon.
             The game lasted 00:07:51 (4523 turns).

Ijustatesigmund the Skirmisher (Ogre Fighter)       Turns: 4523, Time: 00:07:52

Health: -1/68      AC:  7    Str: 21    XL:     6   Next: 69%
Magic:  6/6        EV:  8    Int:  9    God:
Gold:   97         SH: 12    Dex: 12    Spells: 5/5 levels left

rFire    . . .     SeeInvis .   a - +0 flail
rCold    . . .     Gourm    .   c - +1 shield
rNeg     . . .     Faith    .   b - +1 robe {Archmagi}
rPois    .         Spirit   .   (helmet restricted)
rElec    .         Reflect  +   (no cloak)
rCorr    .         Harm     .   (gloves unavailable)
MR       .....                  (boots unavailable)
Stlth    +.........             j - +3 amulet of reflection
HPRegen  0.21/turn              (no ring)
MPRegen  0.10/turn              (no ring)

@: no status effects
A: large, unfitting armour, yellow scales 1, agile 1, shaggy fur 1, tough skin 1
a: no special abilities


You were on level 4 of the Dungeon.
You were very hungry.

You visited 1 branch of the dungeon, and saw 4 of its levels.

You collected 97 gold pieces.

Inventory:

Hand Weapons
 a - a +0 flail (weapon)
Missiles
 h - 6 boomerangs of dispersal (quivered)
Armour
 b - a +1 robe of the Archmagi (worn)
 c - a +1 shield (worn)
Jewellery
 j - a +3 amulet of reflection (around neck)
Wands
 i - a wand of random effects (25)
 m - a wand of digging (6)
Scrolls
 d - 2 scrolls of amnesia
 e - 2 scrolls of remove curse
 g - 4 scrolls of identify
 l - a scroll of magic mapping
Potions
 k - a potion of resistance
Comestibles
 f - 7 rations


   Skills:
 + Level 6.3 Fighting
 * Level 5.2 Maces & Flails
 - Level 2.6 Dodging
 - Level 2.6 Shields


You had 5 spell levels left.
You didn't know any spells.
Your spell library was empty.

Dungeon Overview and Level Annotations

Branches:
Dungeon (4/15)             Temple (0/1) D:4

Altars:
Zin

Annotations:
D:3 1 runed translucent door, Crazy Yiuf


Innate Abilities, Weirdness & Mutations

You are too large for most types of armour.
You have tough skin. (AC +1)
You are partially covered in yellow scales. (AC +2)
You are agile. (Dex +2)
You are covered in fur. (AC +1)


Message History

Aim: an ice beast (lightly wounded, misshapen and mutated)
The ice beast looks slightly unstable.
An ogre comes into view. It is wielding a +0 giant spiked club.
A howler monkey skeleton comes into view.
Okay, then.
Okay, then.
You hit the ogre but do no damage.
The ogre hits you with a +0 giant spiked club!
You barely miss the ogre. You block the ogre's attack.
You sock the ogre!
The ogre is heavily wounded.
The ogre hits you with a +0 giant spiked club!!
* * * LOW HITPOINT WARNING * * *
You are feeling very hungry.
You hit the ogre.
The ogre is severely wounded.
You hit the ogre.
The ogre is almost dead.
The ogre hits you with a +0 giant spiked club!!
You die...

##≈( #.#...............
#.≈.$###.................
#^≈.......###......<..).
^..#......#####.(........
#Z..Z##.................
...#.....###.......####..
.........##.....#### #..
########O...##### #..
####...@.### ##.
.......<###############.
####....................
###########.########.
#.###### #. #...P..# #.
#.PP.PP# ## #.PP>..#
#......#


You could see an ogre and a howler monkey skeleton.

Vanquished Creatures
  A bullfrog skeleton (D:4)
  Terence (D:3)
  4 worker ants (D:4)
  Natasha (thrice) (D:3)
  3 adders
  9 worms
  3 dart slugs
  A leopard gecko (D:1)
  2 orcs
  3 ball pythons
  8 bats
  5 giant cockroaches
  8 goblins
  7 hobgoblins
  6 jackals
  8 kobolds
  3 quokkas
  5 frilled lizards
  A quokka skeleton (D:4)
  7 rats
88 creatures vanquished.

Vanquished Creatures (others)
  A kobold (D:3)
1 creature vanquished.

Grand Total: 89 creatures vanquished

Notes
Turn   | Place    | Note
-------+----------+-------------------------------------------
     0 | D:1      | Ijustatesigmund the Ogre Fighter began the quest for the
                  | Orb.
     0 | D:1      | Reached XP level 1. HP: 24/24 MP: 1/1
    72 | D:1      | Reached XP level 2. HP: 23/32 MP: 2/2
   716 | D:1      | Reached XP level 3. HP: 29/40 MP: 3/3
  1427 | D:2      | Reached XP level 4. HP: 46/49 MP: 4/4
  1836 | D:2      | Reached skill level 5 in Fighting
  2830 | D:3      | Noticed Natasha
  2864 | D:2      | HP: 2/50 [giant cockroach (2)]
  2871 | D:2      | Reached XP level 5. HP: 4/57 MP: 5/5
  3173 | D:3      | Killed Natasha
  3260 | D:3      | Noticed Terence
  3272 | D:3      | Killed Terence
  3278 | D:3      | Gained mutation: You are partially covered in yellow
                  | scales. (AC +2) [potion of mutation]
  3278 | D:3      | Gained mutation: You are covered in fur. (AC +1) [potion of
                  | mutation]
  3278 | D:3      | Gained mutation: You are agile. (Dex +2) [potion of
                  | mutation]
  3379 | D:3      | Noticed Natasha
  3387 | D:3      | Killed Natasha
  3752 | D:3      | Found a glowing silver altar of Zin.
  3791 | D:3      | Noticed Natasha
  3801 | D:3      | Killed Natasha
  3801 | D:3      | Reached XP level 6. HP: 37/67 MP: 6/6
  3910 | D:3      | Found a runed translucent door.
  3911 | D:3      | Noticed Crazy Yiuf
  4101 | D:4      | Reached skill level 6 in Fighting
  4181 | D:4      | Reached skill level 5 in Maces & Flails
  4487 | D:4      | Found a staircase to the Ecumenical Temple.
  4509 | D:4      | Noticed an ice beast
  4523 | D:4      | Slain by an ogre

Levels and vault maps discovered:
D:1:      lordsloth_arrival_two_stooges, layout_basic, minmay_misc_feat_square,
          minmay_close_crescents
D:2:      minmay_wonky_spiral, layout_loops_ring, minivault_5, hex_large,
          hex_medium, chequers_serial_rivers_micro_e
D:3:      layout_loops_cross, lemuel_coloured_pillars_altar, minmay_quantized,
          uniq_natasha, uniq_terence, uniq_crazy_yiuf_cottage
D:4:      layout_rooms, grunt_qazlal_sundering, minmay_temple_entry_overgrown

Skill      XL: |  1  2  3  4  5  6 |
---------------+-------------------+-----
Maces & Flails | 2 3 4 5 |  5.2
Fighting       | 5 6 |  6.3
Dodging        | |  2.6
Shields        | |  2.6

Action                   |  1- 3 |  4- 6 || total
-------------------------+-------+-------++-------
Melee: Flail             |    94 |   263 ||   357
Throw: Boomerang         |       |     1 ||     1
Evoke: Wand              |       |     6 ||     6
  Use: Scroll            |     7 |     3 ||    10
       Potion            |       |     5 ||     5
 Stab: Sleeping          |     1 |     1 ||     2
       Paralysed         |       |     4 ||     4
  Eat: Chunk             |     2 |     9 ||    11
Armor: Robe              |    35 |    61 ||    96
       Skin              |       |    21 ||    21
Dodge: Dodged            |    43 |    70 ||   113
Block: Shield            |    32 |   164 ||   196
       Reflection        |       |     3 ||     3

Table legend:
 A = Non-vault XP
 B = Vault XP
 C = Vault XP percentage of total XP
 D = Non-vault monster count
 E = Vault monster count
 F = Vault count percentage of total count
                 A         B        C        D         E       F
            +---------+---------+-------+---------+---------+-------
      Total |     425 |     101 |  19.2 |      72 |      16 |  18.2
            +---------+---------+-------+---------+---------+-------
        D:1 |      31 |       7 |  18.4 |      17 |       3 |  15.0
        D:2 |      79 |      15 |  16.0 |      25 |       5 |  16.7
        D:3 |     117 |      79 |  40.3 |      22 |       8 |  26.7
        D:4 |     198 |       0 |   0.0 |       8 |       0 |   0.0
            +---------+---------+-------+---------+---------+-------
